 Dungeon Crawl Stone Soup version 0.29.0-4-gdea44cf6ec (webtiles) character file.

Game seed: 11507407423868427356

462 qw the Chopper (level 6, -4/48 HPs)
             Began as a Demonspawn Cinder Acolyte on Sept 8, 2022.
             Was an Elder of Ignis.
             Killed by divine providence
             ... invoked by an orc priest
              (12 damage)
             ... on level 4 of the Dungeon.
             The game lasted 00:01:29 (4483 turns).

qw the Chopper (Demonspawn Cinder Acolyte)          Turns: 4483, Time: 00:01:30

Health: -4/48      AC: 16    Str: 17    XL:     6   Next: 79%
Magic:  7/7        EV:  6    Int: 15    God:    Ignis [****..]
Gold:   189        SH:  4    Dex:  8    Spells: 7/7 levels left

rFire   + . .      SeeInvis .   Y - -1 hand axe (flame)
rCold   . . .      Faith    .   (no shield)
rNeg    . . .      Spirit   .   c - +0 chain mail
rPois   .          Reflect  .   (no helmet)
rElec   .          Harm     .   (no cloak)
rCorr   .          Rampage  .   j - +0 pair of gloves
Will    .....                   (no boots)
Stlth   ..........              (no amulet)
HPRegen 0.16/turn               (no ring)
MPRegen 0.10/turn               (no ring)

@: about to teleport, fiery-armoured
A: condensation shield, demonic touch 1
a: Renounce Religion, Fiery Armour, Foxfire Swarm, Rising Flame


You were on level 4 of the Dungeon.
You worshipped Ignis.
Ignis was greatly pleased with you.
You visited 1 branch of the dungeon, and saw 4 of its levels.

You collected 189 gold pieces.


Innate Abilities, Weirdness & Mutations

A meltable shield of frost defends you. (SH +4)
Your touch may inflict minor irresistible damage on your foes.


   Skills:
 + Level 3.9 Fighting
 - Level 6.1 Axes
 - Level 2.3 Armour
 - Level 1.0 Spellcasting
 - Level 2.6 Fire Magic


You had 7 spell levels left.
You didn't know any spells.
Your spell library contained the following spells:

 Spells                   Type           Power      Damage    Failure   Level
 Scorch                   Fire           16%        2d5       89%         2

Inventory:

Hand Weapons
 Y - a -1 hand axe of flaming (weapon)
Armour
 a - a +2 scale mail of cold resistance
 c - a +0 chain mail (worn)
 j - a +0 pair of gloves (worn)
Potions
 b - a potion of mutation {unknown}
 d - a potion of resistance {unknown}
 f - a potion of cancellation {unknown}

Dungeon Overview and Level Annotations

Branches:
Dungeon (4/15)
 Temple: D:4-7

Altars:
Gozag

Shops:
D:1 :

Annotations:
D:4 7 runed translucent doors


Message History

An orc is nearby!
You barely miss the orc. The orc hits you but does no damage.
You hit the orc. You burn the orc.
You touch the orc.
You kill the orc!
You barely miss the orc priest. You block the orc priest's attack.
You closely miss the orc priest. Your touch misses the orc priest.
The orc priest hits you with a +0 hand axe!
You barely miss the orc priest. You block the orc priest's attack.
You barely miss the orc priest. Your touch misses the orc priest.
The orc priest invokes the aid of Beogh against you.
Pain shoots through your body!
You closely miss the orc priest. The orc priest barely misses you.
You closely miss the orc priest.
The orc priest miscasts a cantrip.
You hit the orc priest but do no damage.
Your touch misses the orc priest.
The orc priest invokes the aid of Beogh against you.
Beogh smites you!
4480 ||| INVOKING Fiery Armour.
A protective cloak of flame settles atop you.
The orc priest invokes the aid of Beogh against you.
Beogh smites you!
4481 ||| READING scroll of teleportation.
As you read the scroll of teleportation, it crumbles to dust.
You feel strangely unstable.
The orc priest hits you but does no damage.
The orc priest is burned by your cloak of flames.
The orc priest is lightly wounded.
You closely miss the orc priest.
The orc priest is lightly wounded.
The orc priest begins to cast a cantrip, but forgets the words!
You hit the orc priest. You burn the orc priest.
You touch the orc priest!
The orc priest is almost dead.
The orc priest calls down the wrath of Beogh upon you.
Beogh smites you!
You die...

#..#8.o..8# #... ##..
#..##8ho8####### ##..K
#...##++##.'.#.# ....
##.........#..#. ...
#.##..#...#.### ..
#.###.#.#.##... #.
##.###.#.#..####
#K###..<##..........
#ho@...#####.###.###
#.#.......##.# #.# #.###.##.##..#
### o. #.##.##.## ..o #....#..#
.h.. #.####.## ##... #.##...# ###
#######.. ##<...###########
..#####.....#####................


You could see a hound, an orc priest and a kobold.

Vanquished Creatures
  Eustachio (D:4)
  A black bear (D:4)
  A hound (D:4)
  A jelly (D:3)
  An orc wizard (D:4)
  Ijyb (D:4)
  4 adders
  An ufetubus (D:4)
  2 worms (D:2)
  A dart slug (D:2)
  2 orcs
  4 bats
  10 endoplasms
  5 giant cockroaches
  3 goblins
  8 hobgoblins
  4 jackals
  A quokka (D:2)
  9 ball pythons
  2 frilled lizards (D:1)
  4 kobolds
  4 rats
70 creatures vanquished.

Notes
Turn   | Place    | Note
-------+----------+-------------------------------------------
     0 | D:1      | qw the Demonspawn Cinder Acolyte began the quest for the
                  | Orb.
     0 | D:1      | Reached XP level 1. HP: 18/18 MP: 2/2
     0 | D:1      | 0 ||| qw: Version: 0.1-a-112-g44dc6cd
     0 | D:1      | 0 ||| qw: Game counter: 6788
     0 | D:1      | 0 ||| qw: Always use a shield: true
     0 | D:1      | 0 ||| qw: God list: Okawaru
     0 | D:1      | 0 ||| qw: Allow faded altars: false
     0 | D:1      | 0 ||| qw: Do Orc after D:15 true
     0 | D:1      | 0 ||| qw: Do second Lair branch before Depths: true
     0 | D:1      | 0 ||| qw: Lair rune preference: random
     0 | D:1      | 0 ||| qw: Plans: Normal
     0 | D:1      | 0 ||| PLANNING D:1-11
   140 | D:1      | Reached skill level 3 in Axes
   146 | D:1      | Found Pedousuz's Book Boutique.
   147 | D:1      | 147 ||| Stepping ~*~*~tactically~*~*~ (stealth).
   148 | D:1      | 148 ||| Stepping ~*~*~tactically~*~*~ (stealth).
   150 | D:1      | 150 ||| Stepping ~*~*~tactically~*~*~ (stealth).
   233 | D:1      | Found a faded altar of an unknown god.
   264 | D:1      | 264 ||| UPGRADING to +0 chain mail.
   274 | D:1      | 274 ||| DROPPING +0 robe.
   308 | D:1      | Gained mutation: A meltable shield of frost defends you.
                  | (SH +4) [demonic ancestry]
   308 | D:1      | Reached XP level 2. HP: 24/24 MP: 3/3
   721 | D:1      | Reached skill level 1 in Armour
   848 | D:1      | 848 ||| UPGRADING to +0 pair of gloves.
  1096 | D:1      | 1096 ||| READING scroll labelled DOMAVV JATO.
  1101 | D:1      | 1101 ||| READING scroll labelled GATSOU DOCZUG.
  1102 | D:1      | 1102 ||| READING scroll labelled EGRIOX TEEKIAVAU.
  1103 | D:1      | 1103 ||| DRINKING 2 fuming silvery potions.
  1104 | D:1      | 1104 ||| DROPPING potion of degeneration.
  1337 | D:2      | 1337 ||| INVOKING Fiery Armour.
  1340 | D:2      | HP: 5/24 [worm (4)]
  1345 | D:2      | Reached XP level 3. HP: 6/29 MP: 4/4
  1672 | D:2      | 1672 ||| Stepping ~*~*~tactically~*~*~ (stealth).
  1909 | D:2      | Reached skill level 4 in Axes
  2306 | D:2      | 2306 ||| Stepping ~*~*~tactically~*~*~ (hiding).
  2314 | D:2      | Gained mutation: Your touch may inflict minor irresistible
                  | damage on your foes. [demonic ancestry]
  2314 | D:2      | Reached XP level 4. HP: 35/35 MP: 5/5
  2608 | D:2      | 2608 ||| READING scroll labelled DEJEOZ YBLA.
  2609 | D:2      | 2609 ||| READING scroll labelled MIMPEO UQIG.
  2610 | D:2      | 2610 ||| DRINKING 3 sapphire potions.
  2611 | D:2      | 2611 ||| DRINKING 2 smoky amethyst potions.
  2644 | D:2      | 2644 ||| DRINKING 2 clear potions.
  2645 | D:2      | 2645 ||| DROPPING 2 potions of attraction.
  2646 | D:2      | 2646 ||| DROPPING potion of lignification.
  2786 | D:3      | Found a faded altar of an unknown god.
  2918 | D:3      | Identified the +0 robe of Fiyha {rN++}
  3504 | D:3      | 3504 ||| READING scroll labelled RODDIO FYVVIC.
  3505 | D:3      | 3505 ||| READING scroll labelled PUMIGH ITUGIPN.
  3506 | D:3      | 3506 ||| DRINKING 2 glowing amethyst potions.
  3507 | D:3      | 3507 ||| DROPPING potion of brilliance.
  3508 | D:3      | 3508 ||| READING scroll of teleportation.
  3632 | D:4      | Found a large runed translucent door.
  3638 | D:4      | Found a large runed translucent door.
  3669 | D:4      | 3669 ||| DRINKING 2 potions of curing.
  3669 | D:4      | 3669 ||| (to cure confusion)
  3671 | D:4      | 3671 ||| DRINKING potion of curing.
  3671 | D:4      | 3671 ||| (to cure confusion)
  3695 | D:4      | Reached skill level 5 in Axes
  3695 | D:4      | Reached XP level 5. HP: 19/41 MP: 6/6
  3893 | D:4      | Found a large runed translucent door.
  3893 | D:4      | Found a large runed translucent door.
  3928 | D:4      | Noticed Ijyb
  3935 | D:4      | Killed Ijyb
  3942 | D:4      | 3942 ||| INVOKING Fiery Armour.
  4142 | D:4      | Found a runed translucent gate.
  4150 | D:4      | Noticed Eustachio
  4151 | D:4      | 4151 ||| Stepping ~*~*~tactically~*~*~ (stealth).
  4180 | D:4      | Found a runed translucent gate.
  4181 | D:4      | Found an opulent altar of Gozag.
  4182 | D:4      | Found a runed translucent gate.
  4184 | D:4      | 4184 ||| Stepping ~*~*~tactically~*~*~ (stealth).
  4185 | D:4      | 4185 ||| Stepping ~*~*~tactically~*~*~ (stealth).
  4187 | D:4      | 4187 ||| Stepping ~*~*~tactically~*~*~ (stealth).
  4196 | D:4      | 4196 ||| INVOKING Fiery Armour.
  4236 | D:4      | 4236 ||| FLEEEEING.
  4237 | D:4      | 4237 ||| FLEEEEING.
  4238 | D:4      | 4238 ||| FLEEEEING.
  4246 | D:4      | Noticed a black bear
  4247 | D:4      | 4247 ||| Stepping ~*~*~tactically~*~*~ (stealth).
  4250 | D:4      | Killed Eustachio
  4251 | D:4      | Reached skill level 6 in Axes
  4251 | D:4      | Reached XP level 6. HP: 37/47 MP: 7/7
  4468 | D:4      | 4468 ||| Stepping ~*~*~tactically~*~*~ (hiding).
  4480 | D:4      | 4480 ||| INVOKING Fiery Armour.
  4480 | D:4      | HP: 7/48 [orc priest/divine providence (10)]
  4481 | D:4      | 4481 ||| READING scroll of teleportation.
  4483 | D:4      | Killed from afar by an orc priest

Levels and vault maps discovered:
D:1:      minmay_arrival_five_plusses, layout_basic,
          hellmonk_ecumenical_altar_leap_of_faith, serial_shops, shop
D:2:      layout_loops_cross
D:3:      layout_loops_cross, nicolae_overflow_ecumenical_swirl
D:4:      minmay_octagon_keep, layout_basic, elyvilon_altar_3,
          ebering_ghost_gozag, serial_corexii_hall, corexii_hall_statues_x,
          corexii_hall_statues_t, minmay_hollow_rounded_squares, uniq_ijyb,
          uniq_eustachio

Skill      XL: |  1  2  3  4  5 |
---------------+----------------+-----
Axes           | 3 4 5 6 |  6.1
Armour         | 1 2 |  2.3
Fighting       | |  3.9
Spellcasting   | |  1.0
Fire Magic     | |  2.6

Action                   |  1- 3 |  4- 6 || total
-------------------------+-------+-------++-------
Melee: Hand axe          |   157 |   131 ||   288
       Touch             |       |    11 ||    11
       Punch             |       |     2 ||     2
Invok: Fiery Armour      |     1 |     3 ||     4
  Use: Scroll            |     3 |     6 ||     9
       Potion            |     1 |     6 ||     7
Armor: Robe              |    11 |       ||    11
       Chain mail        |    77 |    79 ||   156
Dodge: Dodged            |    45 |    21 ||    66
Block: Other             |    21 |    11 ||    32

Table legend:
 A = Non-vault XP
 B = Vault XP
 C = Vault XP percentage of total XP
 D = Non-vault monster count
 E = Vault monster count
 F = Vault count percentage of total count
                 A         B        C        D         E       F
            +---------+---------+-------+---------+---------+-------
      Total |     375 |     285 |  43.2 |      65 |       5 |   7.1
            +---------+---------+-------+---------+---------+-------
        D:1 |      30 |       0 |   0.0 |      19 |       0 |   0.0
        D:2 |      72 |       0 |   0.0 |      24 |       0 |   0.0
        D:3 |      72 |       0 |   0.0 |      12 |       0 |   0.0
        D:4 |     201 |     285 |  58.6 |      10 |       5 |  33.3
            +---------+---------+-------+---------+---------+-------
